 Dungeon Crawl Stone Soup version 0.17-a0-1632-g0af21bd (webtiles) character file.

190 urechis the Ruffian (level 5, -3/53 HPs)
             Began as a Troll Monk on Aug 3, 2015.
             Slain by a gnoll
             ... wielding a +2 spear of distortion
              (11 damage)
             ... on level 4 of the Dungeon.
             The game lasted 00:02:27 (2255 turns).

urechis the Ruffian (Troll Monk)                    Turns: 2255, Time: 00:02:27

Health: -3/53      AC:  6    Str: 19    XL:     5   Next: 41%
Magic:  4/4        EV: 10    Int:  6    God:
Gold:   149        SH:  0    Dex: 13    Spells: 0 memorised, 4 levels left

rFire  . . .     SeeInvis .       - Unarmed
rCold  . . .     Clarity  .     a - +0 robe
rNeg   . . .     SustAt   .     (no shield)
rPois  .         Gourm    +     (helmet restricted)
rElec  .         Spirit   .     f - +0 cloak
rCorr  .         Warding  .     (gloves unavailable)
rMut   .         Stasis   .     (boots unavailable)
MR     .....                    (no amulet)
Stlth  +.........               (no ring)
                                (no ring)

@: confused, not resistant to hostile enchantments, very unstealthy
A: unfitting armour, claws 3, fast metabolism 3, gourmand, regeneration 2,
shaggy fur 1, tough skin 2
a: no special abilities


You were on level 4 of the Dungeon.
You were full.

You visited 1 branch of the dungeon, and saw 4 of its levels.

You collected 149 gold pieces.

Inventory:

Missiles
 q - a throwing net (quivered)
Armour
 a - a +0 robe (worn)
 f - a +0 cloak (worn)
Magical devices
 m - a wand of lightning (4)
Scrolls
 c - a scroll of enchant armour {unknown}
 h - a scroll of recharging {unknown}
 k - 4 scrolls of teleportation {unknown}
 l - a scroll of remove curse {unknown}
 o - a scroll of magic mapping {unknown}
Potions
 d - a potion of flight {unknown}
 e - a potion of invisibility {unknown}
 g - 2 potions of curing {unknown}
 n - a potion of might {unknown}
 p - a potion of agility
Comestibles
 b - 4 bread rations
 i - 2 beef jerkies
 j - 3 meat rations


   Skills:
 + Level 3.3 Fighting
 - Level 2.4 Dodging
 - Level 1.1 Stealth
 * Level 6.1 Unarmed Combat


You had 4 spell levels left.
You didn't know any spells.

Dungeon Overview and Level Annotations

Branches:
Dungeon (4/15)
 Temple: D:4-7

Altars:

Annotations:
D:4 Edmund


Innate Abilities, Weirdness & Mutations

You are too large for most types of armour.
You have claws for hands.
Your metabolism is lightning-fast.
You like to eat raw meat.
You heal very quickly.
You are covered in fur (AC +1).
You have very tough skin (AC +2).


Message History

Your will is overpowered!
You are more confused.
You closely miss Edmund.
The orc shouts!
Edmund hits you with a flail of crushing.
You're too confused to move!
You bump into the rock wall.
Edmund hits you but does no damage.
You bump into the rock wall.
Edmund hits you with a flail of crushing!
You bump into the rock wall.
The gnoll hits you from afar with a spear!
Edmund zaps a wand.
You resist with some effort.
The gnoll shouts!
Edmund zaps a wand.
You resist with some effort.
The gnoll hits you with a spear of distortion!
* * * LOW HITPOINT WARNING * * *
Space bends around you.
* * * LOW HITPOINT WARNING * * *
You bump into the rock wall.
The gnoll hits you with a spear of distortion!
You die...

#############
#.g@.g@.....# #
#.####o)....####
##. #
#######...# ...
.........†'....
#######...#g...
....>.........
#.#####.....##
........g..#
.###.#...@.#


You could see Edmund, 2 gnolls and an orc.

Vanquished Creatures
  A worker ant (D:4)
  Terence (D:2)
  6 gnolls
  An ooze (D:2)
  An adder skeleton (D:4)
  3 worms (D:2)
  3 giant geckos
  A ball python (D:1)
  3 bats
  4 hobgoblins
  10 jackals
  4 giant cockroaches
  A giant newt (D:2)
  11 goblins
  5 kobolds
  A quokka (D:2)
  3 rats
59 creatures vanquished.

Notes
Turn   | Place    | Note
--------------------------------------------------------------
     0 | D:1      | urechis the Troll Monk began the quest for the Orb.
     0 | D:1      | Reached XP level 1. HP: 22/22 MP: 0/0
   122 | D:1      | Reached XP level 2. HP: 15/29 MP: 1/1
   519 | D:2      | Reached XP level 3. HP: 32/36 MP: 2/2
   886 | D:2      | Reached skill level 5 in Unarmed Combat
  1009 | D:2      | Noticed Terence
  1019 | D:2      | Killed Terence
  1019 | D:2      | Reached XP level 4. HP: 40/45 MP: 3/3
  1704 | D:3      | Reached XP level 5. HP: 41/53 MP: 4/4
  2199 | D:4      | Reached skill level 6 in Unarmed Combat
  2211 | D:4      | Noticed Edmund
  2255 | D:4      | Slain by a gnoll

Vault maps used:
D:1:      scummos_arrival_forest
D:2:      moated_statue, uniq_terence
D:4:      lemuel_zombie_altar_yredelemnul, serial_glass, glass_columns_a,
          glass_columns_a, glass_columns_a, glass_columns_b, glass_columns_a,
          glass_columns_c, first_bread, minmay_misc_feat_encased, jiyva_altar_1,
          uniq_edmund

Action                   |  1- 3 |  4- 6 || total
-------------------------+-------+-------++-------
Melee: Unarmed           |   111 |    86 ||   197
 Stab: Sleeping          |       |     1 ||     1
  Eat: Chunk             |    11 |    11 ||    22
